 Dungeon Crawl Stone Soup version 0.21.1-1-g345015f (webtiles) character file.

485 tidbits the Charmwright (level 7, 56/56 HPs)
             Began as a Gnoll Skald on June 20, 2018.
             Quit the game on level 3 of the Dungeon.
             The game lasted 00:06:41 (565 turns).

tidbits the Charmwright (Gnoll Skald)                Turns: 565, Time: 00:06:42

Health: 56/56      AC:  7    Str: 13    XL:     7   Next: 13%
Magic:  12/15      EV: 14    Int: 18    God:
Gold:   66         SH:  0    Dex: 14    Spells: 6/17 levels left

rFire    + . .     SeeInvis .   a - +1 war axe (chop)
rCold    . . .     Gourm    .   (no shield)
rNeg     . . .     Faith    .   B - +0 leather armour
rPois    .         Spirit   .   m - +0 helmet
rElec    .         Reflect  .   (no cloak)
rCorr    .         Harm     .   G - +2 pair of gloves
MR       .....                  (no boots)
Stlth    ++........             (no amulet)
HPRegen  0.18/turn              g - ring of protection from fire
MPRegen  0.14/turn              (no ring)

@: no status effects
A: distributed training, fangs 1, strong nose
a: no special abilities


You were on level 3 of the Dungeon.
You were not hungry.

You visited 2 branches of the dungeon, and saw 6 of its levels.

You collected 66 gold pieces.

Inventory:

Hand Weapons
 a - a +1 war axe of chopping (weapon)
   (You took it off an orc on level 5 of the Dungeon)
 f - a +0 hand axe
 i - a +0 war axe
Missiles
 b - 18 sling bullets
 l - 2 silver tomahawks (quivered)
Armour
 m - a +0 helmet (worn)
 B - a +0 leather armour (worn)
 G - a +2 pair of gloves (worn)
Jewellery
 g - a ring of protection from fire (left hand)
   (You found it on level 4 of the Dungeon)
Scrolls
 j - a scroll of identify {unknown}
 n - a scroll of enchant weapon {unknown}
 o - a scroll of teleportation {unknown}
Potions
 e - a potion of curing
 h - a potion of magic {unknown}
 k - a potion of ambrosia {unknown}
 p - a potion of resistance {unknown}
Books
 c - a book of Battle

   Spells                             Type                      Level
   a - Infusion                       Charms                       1
   b - Shroud of Golubria             Charms/Translocation         2
   c - Song of Slaying                Charms                       2
   d - Spectral Weapon                Hexes/Charms                 3
   e - Regeneration                   Charms/Necromancy            3
Comestibles
 d - 7 rations


   Skills:
 + Level 5.1 Fighting
 + Level 2.2 Short Blades
 + Level 2.2 Long Blades
 + Level 5.1 Axes
 + Level 2.2 Maces & Flails
 + Level 2.2 Polearms
 + Level 2.2 Staves
 + Level 2.2 Slings
 + Level 2.2 Bows
 + Level 2.2 Crossbows
 + Level 2.2 Throwing
 + Level 3.4 Armour
 + Level 5.1 Dodging
 + Level 2.2 Stealth
 + Level 2.2 Shields
 + Level 2.2 Unarmed Combat
 + Level 5.5 Spellcasting
 + Level 1.8 Conjurations
 + Level 1.8 Hexes
 + Level 5.7 Charms
 + Level 1.8 Summonings
 + Level 1.8 Necromancy
 + Level 1.8 Translocations
 + Level 1.8 Transmutations
 + Level 1.8 Fire Magic
 + Level 1.8 Ice Magic
 + Level 1.8 Air Magic
 + Level 1.8 Earth Magic
 + Level 1.8 Poison Magic
 + Level 2.5 Invocations
 + Level 2.2 Evocations


You had 6 spell levels left.
You knew the following spells:

 Your Spells              Type           Power        Failure   Level  Hunger
g - Shroud of Golubria    Chrm/Tloc      ###.......   4%          2    #......
i - Infusion              Chrm           ####         1%          1    None
r - Regeneration          Chrm/Necr      ###.......   10%         3    ##.....
w - Spectral Weapon       Hex/Chrm       ###.....     10%         3    ##.....
y - Song of Slaying       Chrm           ####....     2%          2    #......


Dungeon Overview and Level Annotations

Branches:
Dungeon (5/15)             Temple (1/1) D:4

Altars:
Dithmenos
Elyvilon
Gozag
Hepliaklqana
Ru
Sif Muna
Wu Jian
Xom
Yredelemnul
Zin


Innate Abilities, Weirdness & Mutations

Your experience applies equally to all skills.
You have very sharp teeth.
Your uncanny sense of smell can sniff out nearby items.


Message History

You barely miss the goblin. You barely miss the hobgoblin.
Your spectral weapon hits the goblin!
You kill the goblin!
Your spectral weapon hits the hobgoblin.
You kill the hobgoblin!
The goblin closely misses you. The goblin hits you but does no damage.
A giant cockroach comes into view.
You slash the hobgoblin!
You kill the hobgoblin!
You barely miss the goblin. You slash the goblin!
You kill the goblin!
You hit Robin. You hit the goblin.
You kill the goblin!
Robin throws the goblin at you! The goblin closely misses you. x2
Unknown command.
You hit Robin.
You kill Robin!
You slash the goblin!
You kill the goblin!
You slash the goblin!
You kill the goblin!
You hit the goblin.
You kill the goblin!
You barely miss the goblin. x2
Your spectral weapon barely misses the goblin.
The goblin hits you but does no damage. The goblin hits you with a club.
The goblin closely misses you.
You slash the goblin!
You kill the goblin!
You slash the goblin!
You kill the goblin!
The giant cockroach bites you.
You slash the giant cockroach!
You kill the giant cockroach!
Items here: )) †† a club; a dagger; a giant cockroach corpse; a goblin corpse You swap places.
Items here: ) [[ †† a short sword; an animal skin; a helmet; the hobgoblin corpse of Robin a hobgoblin corpse
m - a helmet Wear which item? (? for menu, Esc to quit)
You start putting on your armour.
You continue putting on your helmet. x4
You finish putting on your +0 helmet.
Things that are here:
a dagger; a goblin corpse x2
Found 9 gold pieces.
Your spectral weapon fades away.
Your song is almost over.
Found a stone staircase leading up.
You hear an angry hiss.
You hear a shout!
You see here a scroll labeled VOESSU TIDAETT.
n - a scroll labeled VOESSU TIDAETT A frilled lizard and an orc come into view.
Found a runed dagger.
Found a scroll labeled MEIXOPT HOUPU.
Your song has ended.
Found a club.
You see here a scroll labeled MEIXOPT HOUPU.
o - a scroll labeled MEIXOPT HOUPU
Found 22 stones.
Casting: Song of Slaying
Confirm with . or Enter, or press ? or * to list all spells.
You draw out your weapon's spirit!
You closely miss the orc. The orc closely misses you.
Your spectral weapon hits the orc!
You kill the orc!
Your spectral weapon misses the frilled lizard.
The frilled lizard misses you.
Things that are here:
a dagger; a leather armour You barely miss the frilled lizard.
Your spectral weapon barely misses the frilled lizard.
The frilled lizard bites you but does no damage.
You closely miss the frilled lizard.
Your spectral weapon hits the frilled lizard!
You kill the frilled lizard!
A rat comes into view.
You hit the rat but do no damage.
Your spectral weapon hits the rat!
You kill the rat!
Casting: Spectral Weapon
Confirm with . or Enter, or press ? or * to list all spells.
Your skin crawls.
Your spectral weapon fades away.
Your skin is crawling a little less now.
Found a glowing yellow potion.
You see here 9 gold pieces.
You now have 66 gold pieces (gained 9).
Your skin stops crawling.
You see here a glowing yellow potion.
p - a glowing yellow potion
There is a stone staircase leading up here.
You climb upwards.
There is a stone staircase leading down here.
Unknown command.
HP restored.
You climb downwards.
There is a stone staircase leading up here.
Unknown command.
Are you sure you want to abandon this character and quit the game? (Confirm with "yes".)

#.........#
###########. #.))...#
#.......##.. #)>#.#.#.
#.......##.# #.)).#.#.
#.......##.###...##...
#.......##.#.....###..
#.......##........##.#
#....................#
#....@..#............)
#....................†
#........#...†........
#.....................
########..............
#...........##.
#..............
#...........###
#.........).#


There were no monsters in sight!

Vanquished Creatures
  Menkaure (D:4)
  6 orc wizards
  An orc priest (D:4)
  2 worker ants
  A killer bee zombie (D:5)
  Robin (D:3)
  3 adders
  A worm (D:3)
  2 dart slugs (D:3)
  2 leopard geckos
  11 orcs
  A ball python (D:4)
  A bat (D:1)
  A giant cockroach (D:3)
  10 goblins
  4 hobgoblins
  2 quokkas
  3 frilled lizards
  6 rats
59 creatures vanquished.

Notes
Turn   | Place    | Note
-------+----------+-------------------------------------------
     0 | D:1      | tidbits the Gnoll Skald began the quest for the Orb.
     0 | D:1      | Reached XP level 1. HP: 20/20 MP: 6/6
    87 | D:1      | Reached XP level 2. HP: 26/26 MP: 3/7
    91 | D:1      | Learned a level 2 spell: Song of Slaying
    94 | D:1      | Learned a level 2 spell: Shroud of Golubria
   207 | D:3      | Reached skill level 5 in Spellcasting
   207 | D:3      | Reached skill level 1 in Invocations
   207 | D:3      | Reached XP level 3. HP: 31/31 MP: 1/9
   219 | D:3      | Learned a level 3 spell: Spectral Weapon
   220 | D:3      | Reached skill level 1 in Short Blades
   220 | D:3      | Reached skill level 1 in Long Blades
   220 | D:3      | Reached skill level 1 in Maces & Flails
   220 | D:3      | Reached skill level 1 in Polearms
   220 | D:3      | Reached skill level 1 in Staves
   220 | D:3      | Reached skill level 1 in Slings
   220 | D:3      | Reached skill level 1 in Bows
   220 | D:3      | Reached skill level 1 in Crossbows
   220 | D:3      | Reached skill level 1 in Throwing
   220 | D:3      | Reached skill level 1 in Stealth
   220 | D:3      | Reached skill level 1 in Shields
   220 | D:3      | Reached skill level 1 in Unarmed Combat
   220 | D:3      | Reached skill level 1 in Evocations
   225 | D:3      | Reached XP level 4. HP: 34/38 MP: 3/11
   239 | D:3      | Learned a level 3 spell: Regeneration
   301 | D:5      | Entered Level 5 of the Dungeon
   305 | D:5      | Reached skill level 1 in Conjurations
   305 | D:5      | Reached skill level 1 in Hexes
   305 | D:5      | Reached skill level 1 in Summonings
   305 | D:5      | Reached skill level 1 in Necromancy
   305 | D:5      | Reached skill level 1 in Translocations
   305 | D:5      | Reached skill level 1 in Transmutations
   305 | D:5      | Reached skill level 1 in Fire Magic
   305 | D:5      | Reached skill level 1 in Ice Magic
   305 | D:5      | Reached skill level 1 in Air Magic
   305 | D:5      | Reached skill level 1 in Earth Magic
   305 | D:5      | Reached skill level 1 in Poison Magic
   305 | D:5      | Reached XP level 5. HP: 40/43 MP: 2/12
   315 | D:5      | Reached skill level 3 in Armour
   344 | D:4      | Found a deep blue altar of Sif Muna.
   363 | D:4      | Reached XP level 6. HP: 47/50 MP: 2/13
   367 | D:4      | Reached skill level 2 in Invocations
   382 | D:4      | Found a staircase to the Ecumenical Temple.
   385 | D:4      | Noticed Menkaure
   393 | D:4      | Killed Menkaure
   393 | D:4      | Reached skill level 5 in Fighting
   393 | D:4      | Reached skill level 2 in Short Blades
   393 | D:4      | Reached skill level 2 in Long Blades
   393 | D:4      | Reached skill level 5 in Axes
   393 | D:4      | Reached skill level 2 in Maces & Flails
   393 | D:4      | Reached skill level 2 in Polearms
   393 | D:4      | Reached skill level 2 in Staves
   393 | D:4      | Reached skill level 2 in Slings
   393 | D:4      | Reached skill level 2 in Bows
   393 | D:4      | Reached skill level 2 in Crossbows
   393 | D:4      | Reached skill level 2 in Throwing
   393 | D:4      | Reached skill level 5 in Dodging
   393 | D:4      | Reached skill level 2 in Stealth
   393 | D:4      | Reached skill level 2 in Shields
   393 | D:4      | Reached skill level 2 in Unarmed Combat
   393 | D:4      | Reached skill level 2 in Evocations
   397 | D:4      | Reached XP level 7. HP: 33/56 MP: 2/15
   402 | Temple   | Entered the Ecumenical Temple
   489 | D:3      | Noticed Robin
   494 | D:3      | Killed Robin
   565 | D:3      | Quit the game

Skill      XL: |  1  2  3  4  5  6 |
---------------+-------------------+-----
Spellcasting   | 5 |  5.5
Invocations    | 1 2 |  2.5
Short Blades   | 1 2 |  2.2
Long Blades    | 1 2 |  2.2
Maces & Flails | 1 2 |  2.2
Polearms       | 1 2 |  2.2
Staves         | 1 2 |  2.2
Slings         | 1 2 |  2.2
Bows           | 1 2 |  2.2
Crossbows      | 1 2 |  2.2
Throwing       | 1 2 |  2.2
Stealth        | 1 2 |  2.2
Shields        | 1 2 |  2.2
Unarmed Combat | 1 2 |  2.2
Evocations     | 1 2 |  2.2
Conjurations   | 1 |  1.8
Hexes          | 1 |  1.8
Summonings     | 1 |  1.8
Necromancy     | 1 |  1.8
Translocations | 1 |  1.8
Transmutations | 1 |  1.8
Fire Magic     | 1 |  1.8
Ice Magic      | 1 |  1.8
Air Magic      | 1 |  1.8
Earth Magic    | 1 |  1.8
Poison Magic   | 1 |  1.8
Armour         | 3 |  3.4
Fighting       | 5 |  5.1
Axes           | 5 |  5.1
Dodging        | 5 |  5.1
Charms         | |  5.7

Action                   |  1- 3 |  4- 6 |  7- 9 || total
-------------------------+-------+-------+-------++-------
Melee: Hand axe          |    24 |       |       ||    24
       Bite              |     5 |     3 |       ||     8
       War axe           |    17 |    44 |    12 ||    73
 Cast: Infusion          |     6 |       |       ||     6
       Song of Slaying   |     1 |     3 |     1 ||     5
       Spectral Weapon   |       |     6 |     3 ||     9
       Regeneration      |       |       |     1 ||     1
  Use: Potion            |       |     1 |       ||     1
 Stab: Sleeping          |     1 |       |       ||     1
Armor: Leather armour    |     9 |    11 |     5 ||    25
Dodge: Dodged            |    27 |    32 |    17 ||    76

Table legend:
 A = Turns spent in this place as a percentage of turns spent in the entire game.
 B = Non-inter-level travel turns spent in this place as a percentage of non-inter-level travel turns spent in the entire game.
 C = Inter-level travel turns spent in this place as a percentage of turns spent in this place.
 D = Turns resting spent in this place as a percentage of non-inter-level travel turns spent in this place.
 E = Turns spent auto-exploring this place as a percentage of non-inter-level travel turns spent in this place.
 F = Non-inter-level travel turns spent in this place divided by the number of levels of this place that you've seen.
                   A       B       C       D       E      F
               +-------+-------+-------+-------+-------+----------------------
         Total | 100.0 | 100.0 |   3.0 |   0.0 |   0.0 |  91.3
       Dungeon |  89.9 |  92.7 |   0.0 |   0.0 |   0.0 | 101.6
        Temple |  10.1 |   7.3 |  29.8 |   0.0 |   0.0 |  40.0
               +-------+-------+-------+-------+-------+----------------------

Table legend:
 A = Kills in this place as a percentage of kills in entire the game.
 B = Kills by you in this place as a percentage of kills by you in the entire game.
 C = Kills by friends in this place as a percentage of kills by friends in the entire game.
 D = Other kills in this place as a percentage of other kills in the entire game.
 E = Experience gained in this place as a percentage of experience gained in the entire game.
 F = Experience gained in this place divided by the number of levels of this place that you have seen.
                   A       B       C       D       E      F
               +-------+-------+-------+-------+-------+----------------------
         Total | 100.0 | 100.0 |   N/A |   N/A | 100.0 | 115.7
       Dungeon | 100.0 | 100.0 |   N/A |   N/A | 100.0 | 138.8
               +-------+-------+-------+-------+-------+----------------------

Vault maps used:
D:1:      saegor_arrival_simple_b
D:2:      lemuel_coloured_pillars_altar, evilmike_ruin_ashenzari
D:3:      uniq_robin, uniq_terence
D:4:      old_standard_altar, marbit_many_paths, grunt_temple_overflow_diamond,
          minmay_temple_entry_junction_2, serial_shops, shop,
          serial_bayou_crossing, uniq_menkaure
D:5:      old_standard_altar, nicolae_qazlal_general_emergency, first_ration,
          dk_vineyard_3
Temple:   compressed_dpeg_triangle_lava_temple
